 Dungeon Crawl Stone Soup version 0.29-a0-1043-g569b05d6ff (webtiles) character file.

Game seed: 5260591295058572642

2303 ytrimaz the Transmogrifier (level 9, -11/64 HPs)
             Began as a Demonspawn Transmuter on Aug 15, 2022.
             Killed from afar by a steam dragon (12 damage)
             ... with a ball of steam
             ... on level 8 of the Dungeon on Aug 16, 2022.
             The game lasted 00:11:03 (7653 turns).

ytrimaz the Transmogrifier (Demonspawn Transmuter)  Turns: 7653, Time: 00:11:04

Health: -11/64     AC:  2    Str: 10    XL:     9   Next: 18%
Magic:  10/12      EV: 20    Int: 24    God:
Gold:   154        SH:  0    Dex: 22    Spells: 4/14 levels left

rFire   . . .      SeeInvis .     - Unarmed
rCold   . . .      Faith    .   (shield currently unavailable)
rNeg    . . .      Spirit   .   (body armour currently unavailable)
rPois   x          Reflect  .   (helmet currently unavailable)
rElec   .          Harm     .   (cloak currently unavailable)
rCorr   .          Rampage  .   (gloves currently unavailable)
Will    .....                   (boots currently unavailable)
Stlth   +.........              (no amulet)
HPRegen 0.20/turn               s - +6 ring of dexterity
MPRegen 0.13/turn               (no ring)

@: confused, spider-form, hasted, very quick
A: venomous fangs, tiny, (antennae 1), foul stench 1, icemail 2, big brain 2,
condensation shield, clumsy 1, (fire resistance 1), low MP 1, robust 1
a: End Transformation


You were on level 8 of the Dungeon.
You were a venomous arachnid creature.
You visited 1 branch of the dungeon, and saw 7 of its levels.
You also visited: Ossuary.

You collected 308 gold pieces.
You spent 154 gold pieces at shops.

Inventory:

Armour
 a - a +0 robe
 g - a +0 cloak (melded)
 p - a +1 leather armour of poison resistance (melded)
Jewellery
 s - a +6 ring of dexterity (left front leg)
Wands
 d - a wand of flame (14)
Scrolls
 h - a scroll of enchant armour
 i - a scroll of summoning
 j - 3 scrolls of enchant weapon
 n - 4 scrolls of teleportation
 u - a scroll of immolation {unknown}
Potions
 b - 2 potions of lignification
 c - 2 potions of brilliance
 f - a potion of haste
 k - a potion of attraction {unknown}
 l - a potion of degeneration {unknown}
 m - a potion of resistance {unknown}
 o - 2 potions of experience {unknown}
 q - a potion of ambrosia {unknown}
 r - a potion of magic {unknown}
 t - 2 potions of heal wounds {unknown}


   Skills:
 - Level 1.0 Fighting
 - Level 2.1 Dodging
 - Level 5.1 Unarmed Combat
 - Level 3.4 Spellcasting
 + Level 9.3 Transmutations
 - Level 4.0 Poison Magic


You had 4 spell levels left.
You knew the following spells:

 Your Spells              Type           Power      Damage    Failure   Level
a - Beastly Appendage     Tmut           96%        N/A       2%          1
b - Wereblood             Tmut           48%        N/A       3%          2
c - Spider Form           Tmut/Pois      36%        N/A       8%          3
d - Ice Form              Ice/Tmut       26%        N/A       34%         4

Your spell library contained the following spells:

 Spells                   Type           Power      Damage    Failure   Level
 Passwall                 Tmut/Erth      21%        N/A       9%          2
 Ignite Poison            Fire/Tmut/Pois 25%        N/A       14%         3
 Ensorcelled Hibernation  Hex/Ice        8%         N/A       34%         2
 Sublimation of Blood     Necr           4%         N/A       34%         2
 Conjure Flame            Conj/Fire      4%         6-21      52%         3
 Swiftness                Air            4%         N/A       52%         3
 Sticky Flame             Conj/Fire      4%         2d3       87%         4
 Summon Hydra             Summ           2%         N/A       100%        7


Dungeon Overview and Level Annotations

Branches:
Dungeon (6/15)             Temple (0/1) D:6         Ossuary (visited)

Altars:
Hepliaklqana
Qazlal
Sif Muna
Wu Jian

Shops:
D:3 [!

Annotations:
D:3 1 transporter, Valamore's ghost, amateur HOGl
D:4 2 runed translucent doors, SweetJohnnyV's ghost, amateur MiBe


Innate Abilities, Weirdness & Mutations

You are a venomous arachnid creature.
You have poisonous fangs.
You are tiny and dextrous.
Your spellcasting is less reliable in this form.
Your armour is entirely melded.
You are incapable of wielding weapons or throwing items.
((You have a pair of small antennae on your head.))
You may rarely emit foul miasma when damaged in melee.
A meltable icy envelope protects you from harm. (AC +0)
You have an extremely huge brain. (Int +4)
A meltable shield of frost defends you. (SH +0)
You are clumsy. (Dex -2)
((Your flesh is heat resistant. (rF+)))
Your magical capacity is low. (-10% MP)
You are robust. (+10% HP)


Message History

The steam dragon barely misses you.
You hit the steam dragon but do no damage.
The steam dragon looks as sick as possible!
The steam dragon is moderately wounded.
The orc wizard casts a spell.
The orc wizard flickers and vanishes!
The orc wizard casts a spell.
The orc wizard flickers and vanishes!
Something hits you. Something shocks you.
* * * LOW HITPOINT WARNING * * *
The steam dragon misses you. The steam dragon claws you.
* * * LOW HITPOINT WARNING * * *
Something hits you.
* * * LOW HITPOINT WARNING * * *
The steam dragon attacks as you move away!
The steam dragon barely misses you. The steam dragon misses you.
Something hits you.
* * * LOW HITPOINT WARNING * * *
Something shocks you.
* * * LOW HITPOINT WARNING * * *
You feel better.
You hear some strange, mumbled words.
You are confused.
Something hits you.
* * * LOW HITPOINT WARNING * * *
Something shocks you.
* * * LOW HITPOINT WARNING * * *
You emit a cloud of foul miasma!
The steam dragon completely misses you. The steam dragon closely misses you.
You are too confused!
Unknown command.
Unknown command.
Unknown command.
It was a potion of haste.
You feel yourself speed up. Something barely misses you. Something hits you.
* * * LOW HITPOINT WARNING * * *
Something shocks you.
* * * LOW HITPOINT WARNING * * *
The steam dragon breathes steam at you. The ball of steam hits you!
You die...

#......#########..
#### #......####
#.. ....
#......'..# ###
.$... #......##.#
.....###......##.#
.........<...##^#
......#......##.# #
#o{......##.#
#o.s......#.#
#.D.......#.#
.....(....#.#.#
............#.#.#
...............#.#
...............#.#
##############.#.#
#.......>#.########
#.########.........


You could see a steam dragon (extremely poisoned, catching breath) and 2 orcs.

Vanquished Creatures
  6 yaks (D:6)
  2 ogres
  A black bear (D:5)
  A kobold brigand (D:6)
  A phantom (D:6)
  A bullfrog (D:8)
  A necrophage (D:6)
  2 water moccasin zombies (Ossuary)
  2 scorpions (D:5)
  4 orc priests
  3 hounds (D:5)
  2 jellies
  4 orc wizards
  4 iguanas
  2 mummies (Ossuary)
  3 gnolls (D:5)
  7 adders
  A shadow imp (D:6)
  An ufetubus (D:5)
  5 adder zombies (Ossuary)
  A worm (D:2)
  A dart slug (D:3)
  14 orcs
  4 ball pythons (D:1)
  4 bats
  3 endoplasms
  3 gnoll zombies (Ossuary)
  4 goblins
  2 hobgoblins (D:2)
  5 jackals (D:1)
  10 kobolds
  4 quokkas
  A frilled lizard (D:1)
  5 hobgoblin zombies (Ossuary)
  6 kobold zombies (Ossuary)
  5 orc zombies (Ossuary)
  2 rats (D:2)
127 creatures vanquished.

Notes
Turn   | Place    | Note
-------+----------+-------------------------------------------
     0 | D:1      | ytrimaz the Demonspawn Transmuter began the quest for the
                  | Orb.
     0 | D:1      | Reached XP level 1. HP: 15/15 MP: 3/3
   767 | D:1      | Gained mutation: A meltable shield of frost defends you.
                  | (SH +0) [demonic ancestry]
   767 | D:1      | Reached XP level 2. HP: 14/21 MP: 3/5
  1100 | D:1      | Reached skill level 2 in Transmutations
  1919 | D:2      | Found a hazy altar of Hepliaklqana.
  1958 | D:2      | Gained mutation: You have a pair of small antennae on your
                  | head. [demonic ancestry]
  1958 | D:2      | Reached XP level 3. HP: 15/26 MP: 6/6
  2751 | D:3      | Found Lounooss's Antique Armour Shoppe.
  2805 | D:3      | Bought a steaming leather armour for 154 gold pieces
  2805 | D:3      | Identified the +1 leather armour of Okawaru's Benevolence
                  | {rN+ Dex+4} (You bought it in a shop on level 3 of the
                  | Dungeon)
  3122 | D:3      | Gained mutation: You have an unusually large brain. (Int
                  | +2) [demonic ancestry]
  3122 | D:3      | Reached XP level 4. HP: 31/32 MP: 5/7
  3130 | D:3      | Learned a level 2 spell: Wereblood
  3134 | D:3      | Learned a level 3 spell: Spider Form
  3300 | D:3      | Noticed Valamore's ghost (amateur HOGl)
  3301 | D:3      | Found a transporter.
  3344 | D:3      | Found Ewnugatz's Distillery.
  3458 | D:3      | Found a faded altar of an unknown god.
  3491 | D:4      | Noticed an ogre
  3508 | D:4      | Killed an ogre
  3509 | D:4      | Gained mutation: A meltable icy envelope protects you from
                  | harm. (AC +0) [demonic ancestry]
  3509 | D:4      | Reached XP level 5. HP: 24/37 MP: 5/9
  3669 | D:4      | Found a stormy altar of Qazlal.
  3839 | D:4      | Found a runed translucent door.
  3844 | D:4      | Noticed SweetJohnnyV's ghost (amateur MiBe)
  3890 | D:4      | Found a runed translucent door.
  4040 | D:4      | Reached skill level 3 in Transmutations
  4049 | D:4      | Gained mutation: A meltable icy envelope protects you from
                  | harm. (AC +0) [demonic ancestry]
  4049 | D:4      | Reached XP level 6. HP: 12/43 MP: 7/10
  4448 | D:4      | Reached skill level 5 in Unarmed Combat
  4665 | D:5      | Entered Level 5 of the Dungeon
  4921 | D:5      | Reached skill level 1 in Poison Magic
  5085 | D:5      | Reached skill level 4 in Transmutations
  5085 | D:5      | Reached XP level 7. HP: 34/48 MP: 7/12
  5844 | D:5      | Reached skill level 5 in Transmutations
  6062 | D:6      | Noticed a yak
  6062 | D:6      | Noticed a yak
  6063 | D:6      | Noticed a yak
  6163 | D:6      | Found an ornate altar of the Wu Jian Council.
  6163 | D:6      | Found a hazy altar of Hepliaklqana.
  6164 | D:6      | Found a shimmering blue altar of Sif Muna.
  6209 | D:6      | Found a sand-covered staircase.
  6218 | Ossuary  | Entered an ossuary
  6224 | Ossuary  | Learned a level 4 spell: Ice Form
  6292 | Ossuary  | Reached skill level 6 in Transmutations
  6292 | Ossuary  | Gained mutation: You may rarely emit foul miasma when
                  | damaged in melee. [demonic ancestry]
  6292 | Ossuary  | Reached XP level 8. HP: 50/54 MP: 13/13
  6649 | D:6      | Gained mutation: Your magical capacity is low. (-10% MP)
                  | [potion of mutation]
  6649 | D:6      | Gained mutation: You are robust. (+10% HP) [potion of
                  | mutation]
  6672 | D:6      | Lost mutation: Your magical capacity is low. (-10% MP)
                  | [potion of mutation]
  6672 | D:6      | Lost mutation: You are robust. (+10% HP) [potion of
                  | mutation]
  6672 | D:6      | Gained mutation: You are agile. (Dex +4, Str/Int -1)
                  | [potion of mutation]
  6672 | D:6      | Gained mutation: You have large cloven feet. [potion of
                  | mutation]
  6672 | D:6      | Gained mutation: You occasionally shout uncontrollably at
                  | your foes. [potion of mutation]
  6673 | D:6      | Lost mutation: You have large cloven feet. [potion of
                  | mutation]
  6673 | D:6      | Lost mutation: You occasionally shout uncontrollably at
                  | your foes. [potion of mutation]
  6673 | D:6      | Lost mutation: You are agile. (Dex +4, Str/Int -1) [potion
                  | of mutation]
  6673 | D:6      | Gained mutation: Your body sometimes deteriorates upon
                  | taking damage. [potion of mutation]
  6673 | D:6      | Gained mutation: You are robust. (+10% HP) [potion of
                  | mutation]
  6673 | D:6      | Gained mutation: You passively map a small area around you.
                  | [potion of mutation]
  6674 | D:6      | Lost mutation: You passively map a small area around you.
                  | [potion of mutation]
  6674 | D:6      | Lost mutation: Your body sometimes deteriorates upon taking
                  | damage. [potion of mutation]
  6674 | D:6      | Gained mutation: Your magical capacity is low. (-10% MP)
                  | [potion of mutation]
  6674 | D:6      | Gained mutation: Your flesh is heat resistant. (rF+)
                  | [potion of mutation]
  6674 | D:6      | Gained mutation: You are clumsy. (Dex -2) [potion of
                  | mutation]
  6981 | D:6      | Reached skill level 7 in Transmutations
  7019 | D:6      | Reached skill level 8 in Transmutations
  7026 | D:6      | Gained mutation: You have an extremely huge brain. (Int +4)
                  | [demonic ancestry]
  7026 | D:6      | Reached XP level 9. HP: 24/64 MP: 8/12
  7032 | D:6      | Reached skill level 9 in Transmutations
  7305 | D:6      | Found a staircase to the Ecumenical Temple.
  7317 | D:6      | You fall into a shaft and drop 2 floors!
  7653 | D:8      | HP: 1/64 [something (6)]
  7653 | D:8      | Killed from afar by a steam dragon

Illustrated notes

Levels and vault maps discovered:
D:1:      lemuel_arrival_hallway, layout_loops_corners
D:2:      layout_basic, basic_altar, serial_park_tiny_1, grunt_ministairs_5
D:3:      layout_basic, shapermc_ecumenical_altar_notcrosses,
          gammafunk_ghost_mausoleum, serial_shops, nicolae_square_shop, shop
D:4:      layout_cave_pods, mainiacjoe_overflow_cross_hatched,
          mainiacjoe_overflow_small_starburst, ebering_ghost_sewer_f,
          serial_column_ruins, column_ruins_grid_4, column_ruins_columns_corner,
          column_ruins_columns_dead_end, column_ruins_open_small,
          minmay_misc_feat_doors
D:5:      layout_layer_cave
D:6:      layout_gridville, nicolae_overflow_quartered_altars,
          minmay_temple_entry_slanted, chequers_ossuary_entry_cave
D:8:      layout_basic, nicolae_kikubaaqudgha_miasma_corner, enter_bailey_1

Skill      XL: |  1  2  3  4  5  6  7  8  9 |
---------------+----------------------------+-----
Unarmed Combat | 3 4 5 |  5.1
Transmutations | 2 3 4 6 8 9 |  9.3
Dodging        | 2 |  2.1
Spellcasting   | 3 |  3.4
Poison Magic   | 1 2 4 |  4.0
Fighting       | |  1.0

Action                   |  1- 3 |  4- 6 |  7- 9 || total
-------------------------+-------+-------+-------++-------
Melee: Unarmed           |   117 |   105 |   330 ||   552
       Kick              |    13 |    11 |    16 ||    40
       Headbutt          |     2 |       |       ||     2
       Punch             |     2 |       |     3 ||     5
 Cast: Beastly Appendage |    22 |     6 |     9 ||    37
       Spider Form       |       |     8 |    14 ||    22
       Wereblood         |       |     2 |     9 ||    11
  Use: Scroll            |     1 |     4 |     2 ||     7
       Potion            |       |       |     9 ||     9
Armor: Robe              |    32 |    15 |     1 ||    48
       Skin              |       |    11 |    36 ||    47
       Leather armour    |       |       |    79 ||    79
Dodge: Dodged            |    72 |    74 |   183 ||   329
Block: Other             |    22 |    11 |    50 ||    83

Table legend: (Time is in decaauts)
 A = Elapsed time spent in this place.
 B = Non-inter-level travel time spent in this place.
 C = Inter-level travel time spent in this place.
 D = Time resting spent in this place.
 E = Time spent auto-exploring this place.
 F = Levels seen in this place.
 G = Mean time per level.
                   A        B        C        D        E       F      G
               +--------+--------+--------+--------+--------+-----+--------+
         Total |   7611 |   7474 |    137 |    301 |   5807 |   8 |  951.4 |
       Dungeon |   7346 |   7209 |    137 |    301 |   5793 |   7 | 1049.4 |
       Ossuary |    265 |    265 |      0 |      0 |     14 |   1 |  265.0 |
               +--------+--------+--------+--------+--------+-----+--------+

Top non-repeatable levels by time:
     D:1: 1493 daAuts
     D:5: 1411 daAuts
     D:4: 1167 daAuts
     D:2: 1145 daAuts
     D:6: 945 daAuts
     D:3: 849 daAuts
     D:8: 334 daAuts
 Ossuary: 265 daAuts
